 Dungeon Crawl Stone Soup version 0.26-a0-863-g3bff4b215c (webtiles) character file.

Game seed: 16322798398734097835

42 lunkers the Skirmisher (level 3, -1/24 HPs)
             Began as a Kobold Fighter on Nov 25, 2020.
             Slain by a gnoll
             ... wielding a +0 flail
              (10 damage)
             ... on level 1 of the Dungeon.
             The game lasted 00:01:49 (1054 turns).

lunkers the Skirmisher (Kobold Fighter)             Turns: 1054, Time: 00:01:49

Health: -1/24      AC:  9    Str: 13    XL:     3   Next: 77%
Magic:  3/3        EV:  8    Int:  9    God:
Gold:   46         SH:  8    Dex: 15    Spells: 2/2 levels left

rFire    . . .     SeeInvis .   a - +0 rapier
rCold    . . .     Faith    .   c - +0 kite shield
rNeg     . . .     Spirit   .   b - +0 scale mail
rPois    .         Reflect  .   (no helmet)
rElec    .         Harm     .   m - +1 cloak
rCorr    .         Rampage  .   (no gloves)
MR       .....                  h - +0 pair of boots
Stlth    ++........             (no amulet)
HPRegen  0.08/turn              (no ring)
MPRegen  0.08/turn              (no ring)

@: no status effects
A: small, nightstalker 3
a: no special abilities


You were on level 1 of the Dungeon.
You visited 1 branch of the dungeon, and saw 2 of its levels.

You collected 46 gold pieces.

Inventory:

Hand Weapons
 a - a +0 rapier (weapon)
Missiles
 i - 5 poisoned darts (quivered)
Armour
 b - a +0 scale mail (worn)
 c - a +0 kite shield (worn)
 h - a +0 pair of boots (worn)
 m - a +1 cloak (worn)
Scrolls
 f - 2 scrolls of remove curse {unknown}
 g - 2 scrolls of amnesia {unknown}
 j - 4 scrolls of identify {unknown}
 n - a scroll of blinking {unknown}
 o - a scroll of teleportation {unknown}
Potions
 d - 2 potions of might
 e - a potion of haste {unknown}
 k - a potion of curing {unknown}
 l - a potion of ambrosia {unknown}
 p - a potion of flight {unknown}
 q - a potion of heal wounds {unknown}


   Skills:
 + Level 3.9 Fighting
 + Level 3.6 Short Blades
 - Level 2.4 Armour
 + Level 2.5 Stealth
 - Level 2.4 Shields


You had 2 spell levels left.
You didn't know any spells.
Your spell library was empty.

Dungeon Overview and Level Annotations

Branches:
Dungeon (2/15)

Altars:
Makhleb


Innate Abilities, Weirdness & Mutations

You are small and have problems with some larger weapons.
You are completely attuned to the shadows.


Message History

You block the gnoll's attack.
The gnoll hits you from afar with a +0 spear.
* * * LOW HITPOINT WARNING * * *
You block the gnoll's attack.
There is a stone staircase leading up here.
You climb upwards.
There is a stone staircase leading down here.
Unknown command.
You barely miss the gnoll. The gnoll hits you but does no damage.
You hit the gnoll.
The gnoll is heavily wounded.
The gnoll hits you with a +0 flail.
* * * LOW HITPOINT WARNING * * *
You barely miss the gnoll.
The gnoll is heavily wounded.
You block the gnoll's attack.
Your shield and scale mail prevent you from hitting the gnoll.
The gnoll is heavily wounded.
The gnoll hits you with a +0 flail!
You die...

##### #..#........#
#...# ##.##†#######
#...# #.##.# #..)#
#.##.# #...#
#..#.##### #...#
##.#.....# ######...#
#.......#
.........######.g....#
.............)..@....#
....†.##########.....#
......####### #.....#
............## #######
####.........#
#.........#
#######...# ####...#
#......#


You could see a gnoll.

Vanquished Creatures
  An adder (D:2)
  3 leopard geckos
  A bat (D:1)
  6 giant cockroaches
  A goblin (D:1)
  5 hobgoblins
  2 kobolds (D:1)
  2 frilled lizards (D:1)
  5 rats (D:2)
26 creatures vanquished.

Notes
Turn   | Place    | Note
-------+----------+-------------------------------------------
     0 | D:1      | lunkers the Kobold Fighter began the quest for the Orb.
     0 | D:1      | Reached XP level 1. HP: 14/14 MP: 1/1
   176 | D:1      | Reached skill level 1 in Stealth
   234 | D:1      | Reached XP level 2. HP: 19/19 MP: 2/2
   663 | D:2      | Reached XP level 3. HP: 24/24 MP: 3/3
   965 | D:2      | Found a burning altar of Makhleb.
  1054 | D:1      | Slain by a gnoll

Illustrated notes

Levels and vault maps discovered:
D:1:      dpeg_arrival_court, layout_basic
D:2:      layout_basic, minmay_misc_feat_square, serial_park_tiny_1,
          bloody_makhleb, uniq_jessica

Skill      XL: |  1  2 |
---------------+-------+-----
Stealth        | 1 2 |  2.5
Short Blades   | 3 |  3.6
Fighting       | |  3.9
Armour         | |  2.4
Shields        | |  2.4

Action                   || total
-------------------------++-------
Melee: Rapier            ||    87
Throw: Dart              ||     8
 Stab: Sleeping          ||     5
Armor: Scale mail        ||    30
Dodge: Dodged            ||    29
Block: Kite shield       ||    44

Table legend: (Time is in decaauts)
 A = Elapsed time spent in this place.
 B = Non-inter-level travel time spent in this place.
 C = Inter-level travel time spent in this place.
 D = Time resting spent in this place.
 E = Time spent auto-exploring this place.
 F = Levels seen in this place.
 G = Mean time per level.
                   A        B        C        D        E       F      G
               +--------+--------+--------+--------+--------+-----+--------+
         Total |   1066 |   1053 |     13 |      0 |    833 |   2 |  533.0 |
       Dungeon |   1066 |   1053 |     13 |      0 |    833 |   2 |  533.0 |
               +--------+--------+--------+--------+--------+-----+--------+

Top non-repeatable levels by time:
     D:1: 666 daAuts
     D:2: 400 daAuts
